AoeStats
← Papercut

Arena

508258088Analyzed
2v2 RM · 11d ago on Sep 21, 2026· 41m 14s· 4 players
Game mode
Random Map
Map size
Medium (4 player)
Population
200
Speed
Normal
Resources
Standard
Victory
Conquest
Starting age
Dark Age
Ending age
Imperial Age
RankedLock teamsTeams togetherTeam positionsShared explorationLock speedFull tech treeHidden civsTurbo modeCheats
Victory
Defeat
🇨🇳 Koreans · China
1293
+15
🇺🇸 Jurchens · United States
1291
+15
🇧🇪 Poles · Belgium
1267
-15
🇧🇪 Mongols · Belgium
1266
-15
Nonkel_willie
10:29 Feudal Age
15:07 Castle Age
13:44 Double-Bit Axe
13:47 Horse Collar
18:41 Wheelbarrow
23:03 Fortified Wall
23:37 Bow Saw
23:31 Heavy Plow
27:57 Imperial Age
25:15 Town Watch
25:27 Fletching
25:45 Scale Barding Armor
26:08 Ballistics
25:34 Treadmill Crane
26:42 Masonry
26:33 Bodkin Arrow
26:42 Gold Mining
26:26 Crossbowman
28:16 Thumb Ring
29:42 Chemistry
29:07 Hand Cart
29:14 Loom
28:55 Arbalester
30:05 Bracer
30:27 Chain Barding Armor
31:09 Conscription
33:00 Forging
33:29 Lechitic Legacy
33:56 Husbandry
34:07 Bloodlines
33:20 Light Cavalry
36:19 Iron Casting
35:45 Padded Archer Armor
36:06 Winged Hussar
36:30 Winged Hussar
Papercut
10:47 Feudal Age
14:35 Castle Age
12:50 Horse Collar
13:30 Double-Bit Axe
16:11 Bow Saw
16:44 Heavy Plow
16:48 Loom
25:24 Wheelbarrow
28:57 Imperial Age
26:34 Gold Mining
27:07 Fletching
27:18 Padded Archer Armor
28:23 Stone Mining
30:04 Conscription
30:50 Bodkin Arrow
31:10 Leather Archer Armor
31:37 Bloodlines
31:29 Husbandry
33:06 Chemistry
32:36 Ballistics
32:24 Elite Mangudai
32:58 Light Cavalry
34:37 Bracer
35:01 Scale Barding Armor
36:30 Chain Barding Armor
35:53 Hussar
36:45 Forging
38:59 Iron Casting
39:07 Scale Mail Armor
Morgana
10:29 Feudal Age
14:49 Castle Age
13:20 Double-Bit Axe
13:54 Horse Collar
22:05 Wheelbarrow
22:04 Bow Saw
24:05 Gold Mining
25:06 Heavy Plow
25:47 Gold Shaft Mining
25:44 Stone Mining
26:07 Loom
29:12 Imperial Age
27:39 Stone Shaft Mining
27:09 Fletching
28:14 Bodkin Arrow
29:16 Ballistics
29:11 Elite Skirmisher
29:48 Arson
30:49 Conscription
30:42 Bracer
31:46 Chemistry
32:44 Two-Man Saw
32:49 Fortified Wall
33:11 Forging
33:01 Scale Mail Armor
35:26 Forging
35:31 Chain Mail Armor
34:52 Pikeman
35:54 Squires
36:58 Iron Casting
38:23 Plate Mail Armor
37:14 Halberdier
Momo
10:59 Feudal Age
14:54 Castle Age
13:50 Horse Collar
16:21 Double-Bit Axe
20:19 Wheelbarrow
20:57 Light Cavalry
21:51 Forging
23:01 Loom
24:02 Heavy Plow
26:30 Gold Mining
27:10 Bow Saw
28:07 Gold Shaft Mining
28:07 Scale Barding Armor
28:39 Iron Casting
28:34 Town Watch
31:55 Imperial Age
29:42 Hand Cart
30:11 Bloodlines
30:26 Chain Barding Armor
31:11 Husbandry
32:01 Heavy Rocket Cart
32:48 Siege Engineers
33:22 Plate Barding Armor
33:48 Blast Furnace
32:24 Elite Steppe Lancer
37:16 Fortified Wall
38:13 Two-Man Saw
37:38 Hussar
38:49 Capped Ram
40:43 Hand Cart
40:31 Siege Ram
Connection lost

Rejoining the realm…

Still unreachable

The connection could not be restored.

Session expired

The server has moved on; the page needs a fresh start.